 Dungeon Crawl Stone Soup version 0.23.2-40-g277498a001 (webtiles) character file.

Game seed: 17130928026032846799

23363 DildoBatman the Black Sun (level 13, -9/98 HPs)
             Began as a Formicid Wizard on Sept 10, 2019.
             Was a High Priest of Kikubaaqudgha.
             Killed by divine providence
             ... invoked by an orc high priest
              (14 damage)
             ... on level 2 of the Orcish Mines.
             The game lasted 01:06:20 (13726 turns).

DildoBatman the Black Sun (Formicid Wizard)        Turns: 13726, Time: 01:06:21

Health: -9/98      AC: 16    Str: 14    XL:     13   Next: 34%
Magic:  13/32      EV: 14    Int: 27    God:    Kikubaaqudgha [*****.]
Gold:   1318       SH:  0    Dex:  9    Spells: 4/26 levels left

rFire    . . .     SeeInvis +   a - +5 long sword "Egg" {pain, *Noise rPois Int+4}
rCold    . . .     Gourm    .   (no shield)
rNeg     . . .     Faith    .   W - +3 troll leather armour
rPois    +         Spirit   .   (helmet unavailable)
rElec    .         Reflect  .   V - +2 cloak
rCorr    .         Harm     .   T - +0 pair of gloves
MR       +....                  Y - +2 pair of boots
Stlth    ++........             (no amulet)
HPRegen  0.66/turn              N - ring of magical power
MPRegen  0.23/turn              J - +2 ring of strength

@: no status effects
A: permanent stasis, dig shafts and tunnels, four strong arms, antennae 3
a: Dig, Shaft Self, Receive Corpses, Torment, Renounce Religion


You were on level 2 of the Orcish Mines.
You worshipped Kikubaaqudgha.
Kikubaaqudgha was extremely pleased with you.
You were hungry.

You visited 3 branches of the dungeon, and saw 15 of its levels.
You also visited: Sewer.

You collected 1372 gold pieces.
You spent 54 gold pieces at shops.

Inventory:

Hand Weapons
 a - the +5 long sword "Egg" (weapon) {pain, *Noise rPois Int+4}
   (You took it off an orc warrior on level 9 of the Dungeon)

   In the hands of one skilled in necromantic magic, it inflicts extra damage on
   living creatures.
   It affects your intelligence (+4).
   It protects you from poison.
   It may make noises in combat.
 b - a +2 trident of protection
 c - a +0 shortbow
 d - a +4 scimitar of flaming
 O - a +1 dagger of electrocution
Missiles
 k - 3 throwing nets (quivered)
 m - 86 bolts
 q - 236 arrows
 G - 60 sling bullets
Armour
 T - a +0 pair of gloves (worn)
 U - a scarf of repulsion
 V - a +2 cloak (worn)
 W - a +3 troll leather armour (worn)
 Y - a +2 pair of boots (worn)
Magical Staves
 s - an uncursed staff of earth
Jewellery
 I - an uncursed ring of protection from fire
 J - a +2 ring of strength (right hand)
 N - a ring of magical power (left hand)
Wands
 t - a wand of iceblast (5)
 E - a wand of flame (15)
 F - a wand of clouds (4)
 L - a wand of disintegration (11)
Scrolls
 e - a scroll of noise {unknown}
 f - 3 scrolls of fog
 n - 2 scrolls of immolation
 o - 6 scrolls of fear
 p - a scroll of torment {unknown}
 r - a scroll of enchant weapon {unknown}
 x - 9 scrolls of remove curse
 y - 3 scrolls of blinking {unknown}
 z - 4 scrolls of identify
 C - 6 scrolls of magic mapping
 M - a scroll of random uselessness {unknown}
 R - 5 scrolls of amnesia
 Z - a scroll of acquirement {unknown}
Potions
 i - 3 potions of heal wounds {unknown}
 j - 3 potions of curing {unknown}
 l - 5 potions of lignification
 u - 4 potions of agility
 w - 2 potions of brilliance {unknown}
 A - a potion of magic {unknown}
 B - 3 potions of flight {unknown}
 D - 3 potions of might
 H - a potion of invisibility {unknown}
 K - a potion of cancellation {unknown}
 P - a potion of ambrosia {unknown}
 Q - a potion of mutation {unknown}
Comestibles
 g - 20 chunks of flesh
 v - 25 rations


   Skills:
 * Level 7.7 Fighting
 - Level 2.0 Polearms
 * Level 7.6 Armour
 * Level 5.7 Dodging
 - Level 2.4 Stealth
 - Level 7.0 Spellcasting
 - Level 6.0 Conjurations
 - Level 4.0 Charms
   Level 1.0 Summonings
 - Level 9.0 Necromancy
   Level 0.8 Translocations
 - Level 4.2 Fire Magic
 - Level 4.1 Air Magic
 - Level 9.0 Earth Magic
 - Level 6.0 Poison Magic
 * Level 5.6 Evocations


You had 4 spell levels left.
You knew the following spells:

 Your Spells              Type           Power        Failure   Level  Hunger
a - Conjure Flame         Conj/Fire      #####...     2%          3    None
b - Borgnjor's Vile Clut  Necr/Erth      ######....   4%          5    #####..
c - Magic Dart            Conj           ####         1%          1    None
d - Regeneration          Chrm/Necr      #####.....   1%          3    None
e - Mephitic Cloud        Conj/Pois/Air  #####...     2%          3    None
h - Dispel Undead         Necr           ######..     4%          5    #####..
z - Sublimation of Blood  Necr           ######....   1%          2    None

Your spell library contained the following spells:

 Spells                   Type           Power        Failure   Level  Hunger
 Animate Skeleton         Necr           N/A          1%          1    None
 Flame Tongue             Conj/Fire      #####        1%          1    None
 Pain                     Necr           ####         1%          1    None
 Poisonous Vapours        Pois/Air       #####.       1%          2    None
 Throw Flame              Conj/Fire      #####.       1%          2    None
 Dazzling Spray           Conj/Hex       ####..       6%          3    None
 Confusing Touch          Hex            #.....       7%          1    None
 Corona                   Hex            #......      7%          1    None
 Call Imp                 Summ           ##......     7%          2    None
 Inner Flame              Hex/Fire       ###.....     9%          3    None
 Sticky Flame             Conj/Fire      #####...     9%          4    ##.....
 Ensorcelled Hibernation  Hex/Ice        #.....       11%         2    None
 Slow                     Hex            #.......     11%         2    None
 Petrify                  Tmut/Erth      ####....     11%         4    ##.....
 Gell's Gravitas          Tloc           ##........   14%         3    None
 Confuse                  Hex            #.......     21%         3    None
 Tukima's Dance           Hex            #.......     21%         3    None
 Agony                    Necr           ######..     4%          5    #####..
 Fireball                 Conj/Fire      #####.....   24%         5    #####..
 Death Channel            Necr           ######....   26%         6    ######.
 Simulacrum               Ice/Necr       ####......   86%         6    ######.
 Metabolic Englaciation   Hex/Ice        #.........   88%         5    #####..
 Yara's Violent Unravell  Hex/Tmut       #.........   88%         5    #####..
 Freezing Cloud           Conj/Ice/Air   ####......   95%         6    ######.
 Ring of Flames           Chrm/Fire      ####......   100%        7    #######
 Blink                    Tloc           Unusable     N/A         2    N/A

Dungeon Overview and Level Annotations

Branches:
Dungeon (12/15)            Temple (1/1) D:5            Lair (0/6) D:11
    Orc (2/2) D:9             Elf (0/3) Orc:2

Altars:
Ashenzari
Dithmenos
Elyvilon
Kikubaaqudgha
Nemelex Xobeh
Okawaru
Qazlal
Ru
Sif Muna
Trog
Uskayaw
Vehumet
Wu Jian
Yredelemnul
Zin
The Shining One

Shops:
D:4 ![!}   D:5 *   D:7 :*[}%   Orc:1 *


Innate Abilities, Weirdness & Mutations

You cannot be hasted, slowed, berserked, paralysed or teleported.
You can dig through walls and to a lower floor.
Your four strong arms can wield two-handed weapons with a shield.
You have a pair of large antennae on your head. (SInv)


Message History

You retract your mandibles.
The zombie hands constrict the orc high priest!
The zombie hands release their grip on the orc high priest.
Casting: Borgnjor's Vile Clutch (safe; 4% risk of failure)
Confirm with . or Enter, or press ? or * to list all spells.
Aiming: Borgnjor's Vile Clutch (safe; 4% risk of failure)
Press: ? - help, Dir - move target cursor, f - ice devil
Aim: an ice devil (summoned) Decaying hands burst forth from the earth!
Zombie hands grab the ice devil.
You are feeling hungry.
The zombie hands constrict the ice devil.
An orc wizard comes into view. It is wielding a +0 dagger.
The ice devil hits you! The ice devil freezes you!
The zombie hands constrict the ice devil, but do no damage.
The orc high priest calls down the wrath of Beogh upon you.
Beogh smites you!
You die...
Kikubaaqudgha rasps: "You have failed me!
Welcome... death!"

##))((# ## ####)#####
## ##
##.##.#)####.##.##..#.
#.....)..##...<.......
.......................
.......................
.......................
.......................
.....#.....4.@........<
.........o.#........#..
..........##...........
......#o###.........
.....##{##..........
......4{[o.........#
....{##{.>$.##.....#
.... #....o#...#... ...
#............


You could see 2 orc high priests, an ice devil and an orc wizard.

Vanquished Creatures
  A hydra (D:10)
  Erica (D:8)
  2 two-headed ogres
  3 orc high priests
  An ugly thing (D:12)
  An orc knight (Orc:2)
  8 deep elf magi (Orc:1)
  3 orc sorcerers
  8 slime creatures (D:12)
  A cyclops (D:11)
  Maurice (D:9)
  A komodo dragon (D:12)
  4 trolls
  3 hippogriffs
  A meliai zombie (D:12)
  3 yaks (D:9)
  A shadow (D:12)
  Sigmund (D:4)
  A wyvern (D:9)
  A vampire (D:10)
  A basilisk (D:11)
  2 wargs (Orc:1)
  22 orc warriors
  2 porcupines (D:11)
  5 black bears
  3 sky beasts
  An ice beast (D:9)
  2 phantoms
  2 wolves (D:11)
  9 ogres
  An eye of draining (D:10)
  3 centaurs
  2 crocodiles (D:11)
  6 big kobolds
  6 bullfrogs
  4 scorpions
  3 wights (D:10)
  7 killer bees
  3 howler monkeys
  4 crimson imps
  4 hounds
  4 jellies
  14 orc priests
  4 bullfrog skeletons
  2 centaur skeletons
  15 orc wizards
  Jessica (D:2)
  4 iguanas
  6 worker ants
  Terence (D:2)
  2 hound skeletons (D:7)
  A howler monkey zombie (D:7)
  A worker ant zombie (D:10)
  22 adders
  9 gnolls
  4 river rats
  A shadow imp (D:7)
  6 oozes (Sewer)
  2 adder skeletons
  4 worms
  2 dart slugs
  11 leopard geckos
  71 orcs
  8 bats
  10 giant cockroaches
  8 goblins
  3 hobgoblins
  18 jackals
  2 quokkas
  3 ball pythons
  6 frilled lizards
  A giant cockroach zombie (D:6)
  21 kobolds
  A leopard gecko zombie (D:8)
  15 rats
421 creatures vanquished.

Vanquished Creatures (collateral kills)
  A killer bee (D:9)
1 creature vanquished.

Vanquished Creatures (others)
  A killer bee (D:9)
  An orc wizard (Orc:1)
  A fungus (D:11)
3 creatures vanquished.

Grand Total: 425 creatures vanquished

Notes
Turn   | Place    | Note
-------+----------+-------------------------------------------
     0 | D:1      | DildoBatman the Formicid Wizard began the quest for the
                  | Orb.
     0 | D:1      | Reached XP level 1. HP: 13/13 MP: 4/4
    63 | D:1      | Reached skill level 1 in Conjurations
   195 | D:1      | Reached XP level 2. HP: 19/19 MP: 4/6
   511 | D:1      | You fall through a shaft!
   519 | D:2      | Reached XP level 3. HP: 24/24 MP: 3/7
   524 | D:2      | Learned a level 3 spell: Conjure Flame
   528 | D:2      | Learned a level 3 spell: Mephitic Cloud
   726 | D:2      | Noticed Terence
   786 | D:2      | Noticed Jessica
   979 | D:1      | Reached XP level 4. HP: 25/30 MP: 6/8
  1743 | D:3      | You fall through a shaft!
  1756 | D:4      | Found Jaaqoipt's Distillery.
  1795 | D:4      | Found Naapni Joera's Armour Shoppe.
  1830 | D:4      | Noticed an ogre
  1849 | D:4      | Killed an ogre
  1849 | D:4      | Reached XP level 5. HP: 35/35 MP: 2/9
  1908 | D:4      | Found Ohuuh's Distillery.
  2038 | D:4      | Reached XP level 6. HP: 27/41 MP: 4/10
  2045 | D:4      | Reached skill level 5 in Conjurations
  2111 | D:4      | Noticed an ogre
  2199 | D:4      | Killed an ogre
  2230 | D:4      | Found an iron altar of Okawaru.
  2488 | D:4      | Found a deep blue altar of Sif Muna.
  3327 | D:5      | Entered Level 5 of the Dungeon
  3327 | D:5      | Noticed an ogre
  3336 | D:5      | Noticed Sigmund
  3374 | D:5      | Reached XP level 7. HP: 23/46 MP: 0/11
  3400 | D:5      | Found a staircase to the Ecumenical Temple.
  3409 | Temple   | Entered the Ecumenical Temple
  3430 | Temple   | Became a worshipper of Kikubaaqudgha
  3529 | D:5      | Reached skill level 1 in Poison Magic
  3626 | D:5      | Reached skill level 1 in Fire Magic
  3626 | D:5      | Reached skill level 1 in Air Magic
  3813 | D:5      | Reached XP level 8. HP: 28/52 MP: 5/12
  3879 | D:5      | Found a glowing drain.
  4002 | Sewer    | Entered a sewer
  4062 | Sewer    | Reached * piety under Kikubaaqudgha
  4062 | Sewer    | Identified Kikubaaqudgha's Handbook of Unholy Arts
                  | (Kikubaaqudgha gifted it to you in a sewer)
  4062 | Sewer    | Received a gift from Kikubaaqudgha
  4433 | Sewer    | Reached skill level 5 in Poison Magic
  4778 | D:5      | Found Ysiturat's Mass Market.
  4909 | D:5      | Found a glowing silver altar of Zin.
  4909 | D:5      | Found a white marble altar of Elyvilon.
  4914 | D:5      | Found a faded altar of an unknown god.
  4916 | D:5      | Found a stormy altar of Qazlal.
  4917 | D:5      | Found a sacrificial altar of Ru.
  5268 | D:4      | Killed Sigmund
  5290 | D:4      | Reached XP level 9. HP: 50/57 MP: 3/13
  5397 | D:4      | Found Woatiut's Gadget Emporium.
  5449 | D:4      | Reached ** piety under Kikubaaqudgha
  5718 | D:4      | Identified Sif Muna's Disquisition on Malediction
  5876 | D:2      | Killed Jessica
  5876 | D:2      | Reached skill level 5 in Spellcasting
  6044 | D:2      | Killed Terence
  6333 | D:6      | Found a sparkling altar of Nemelex Xobeh.
  6689 | D:6      | Learned a level 3 spell: Regeneration
  6692 | D:6      | Learned a level 2 spell: Sublimation of Blood
  6834 | D:6      | Reached skill level 1 in Charms
  6834 | D:6      | Reached skill level 1 in Necromancy
  7060 | D:7      | Found Etwa's Gadget Emporium.
  7066 | D:7      | Found Qessedudd's Armour Shop.
  7115 | D:6      | Reached XP level 10. HP: 27/63 MP: 4/20
  7263 | D:7      | Found Soufaune's Food Shop.
  7350 | D:7      | Found Nuxoep's Book Shop.
  7609 | D:7      | Found Eqeonif's Assorted Antiques.
  7612 | D:7      | Bought 2 scrolls labeled ZYH YMAIFAEPT for 54 gold pieces
  7904 | D:8      | Noticed Erica
  7936 | D:8      | Killed Erica
  8258 | D:9      | Reached skill level 1 in Polearms
  8503 | D:9      | Noticed Maurice
  8516 | D:9      | Killed Maurice
  8610 | D:9      | Reached *** piety under Kikubaaqudgha
  8610 | D:9      | Identified Kikubaaqudgha's Disquisition on Darkness
                  | (Kikubaaqudgha gifted it to you on level 9 of the Dungeon)
  8610 | D:9      | Received a gift from Kikubaaqudgha
  8618 | D:9      | Learned a level 5 spell: Dispel Undead
  8624 | D:9      | Learned a level 5 spell: Borgnjor's Vile Clutch
  8659 | D:9      | Reached skill level 1 in Earth Magic
  8678 | D:9      | Reached XP level 11. HP: 35/68 MP: 21/21
  8773 | D:9      | Identified the +5 long sword "Egg" {pain, *Noise rPois
                  | Int+4}
  8933 | D:9      | Found a staircase to the Orcish Mines.
  9059 | D:9      | Noticed a two-headed ogre
  9161 | D:9      | Killed a two-headed ogre
  9190 | D:10     | Entered Level 10 of the Dungeon
  9229 | D:10     | Reached skill level 5 in Earth Magic
  9260 | D:10     | Noticed a seven-headed hydra
  9354 | D:10     | Killed a seven-headed hydra
  9747 | D:10     | Reached **** piety under Kikubaaqudgha
 10221 | D:11     | Noticed a cyclops
 10228 | D:11     | Killed a cyclops
 10481 | D:11     | Reached skill level 1 in Fighting
 10481 | D:11     | Reached skill level 1 in Armour
 10667 | D:11     | Found a staircase to the Lair.
 11503 | D:12     | Noticed a purple ugly thing
 11534 | D:12     | Killed a purple ugly thing
 11534 | D:12     | Reached XP level 12. HP: 47/80 MP: 11/22
 11733 | D:12     | Reached ***** piety under Kikubaaqudgha
 12059 | D:12     | Reached skill level 5 in Fighting
 12059 | D:12     | Reached skill level 5 in Armour
 12626 | D:12     | Reached skill level 1 in Evocations
 12713 | Orc:1    | Entered Level 1 of the Orcish Mines
 13234 | Orc:1    | Noticed an orc high priest
 13265 | Orc:1    | Noticed a two-headed ogre
 13303 | Orc:1    | Killed a two-headed ogre
 13303 | Orc:1    | Reached XP level 13. HP: 85/95 MP: 10/23
 13355 | Orc:1    | Reached skill level 5 in Dodging
 13514 | Orc:1    | Found Xemof's General Store.
 13560 | Orc:2    | Entered Level 2 of the Orcish Mines
 13622 | Orc:2    | Reached skill level 5 in Evocations
 13670 | Orc:2    | Found a staircase to the Elven Halls.
 13726 | Orc:2    | Killed from afar by an orc high priest

Skill      XL: |  1  2  3  4  5  6  7  8  9 10 11 12 13 |
---------------+----------------------------------------+-----
Conjurations   | 1 2 3 4 5 6 |  6.0
Poison Magic   | 3 5 6 |  6.0
Fire Magic     | 2 4 |  4.2
Air Magic      | 2 3 4 |  4.1
Spellcasting   | 7 |  7.0
Charms         | 2 4 |  4.0
Necromancy     | 2 8 9 |  9.0
Polearms       | 2 |  2.0
Earth Magic    | 2 9 |  9.0
Dodging        | 3 4 5 |  5.7
Fighting       | 2 6 7 |  7.7
Armour         | 2 6 7 |  7.6
Evocations     | 4 5 |  5.6
Stealth        | |  2.4
Summonings     | |  1.0
Translocations | |  0.8

Action                   |  1- 3 |  4- 6 |  7- 9 | 10-12 | 13-15 || total
-------------------------+-------+-------+-------+-------+-------++-------
Melee: Dagger            |    13 |    75 |   193 |    15 |       ||   296
       Trident           |       |       |    96 |   132 |       ||   228
       Long sword        |       |       |       |   208 |    44 ||   252
 Fire: Shortbow          |       |       |    17 |     8 |       ||    25
 Cast: Magic Dart        |    44 |    43 |   112 |    45 |       ||   244
       Mephitic Cloud    |       |     8 |    45 |    72 |    12 ||   137
       Conjure Flame     |       |     5 |    16 |    65 |     3 ||    89
       Borgnjor's Vile C |       |       |       |    42 |    14 ||    56
       Regeneration      |       |       |       |    25 |     4 ||    29
       Sublimation of Bl |       |       |       |    16 |     6 ||    22
       Dispel Undead     |       |       |       |     2 |       ||     2
 Abil: Dig               |     2 |     4 |    19 |    19 |     6 ||    50
Evoke: Wand              |       |       |       |       |     1 ||     1
  Use: Scroll            |       |     3 |     5 |     6 |     3 ||    17
 Stab: Sleeping          |       |     4 |       |       |       ||     4
       Confused          |       |     5 |    17 |    23 |     1 ||    46
  Eat: Chunk             |       |     8 |    18 |    34 |     5 ||    65
Armor: Robe              |     2 |     9 |    31 |    87 |       ||   129
       Troll leather arm |       |       |       |     8 |    18 ||    26
Dodge: Dodged            |     8 |    54 |   134 |   185 |    37 ||   418
       Rpst.: Long sword |       |       |       |    42 |     5 ||    47
